Map: King Sejong Station LE

Players

Diannabol - Winner!

  • Race: Protoss Protoss
  • League: Diamond

lVlonster

  • Race: Protoss Protoss
  • League: Master

VOD

Have the link to the VOD?

Description

pvp

Time

  • Played on: Aug. 11, 2016, 7:01 p.m.
  • Length: 14:29
Show
View Real Time Build Order
Export as new Build Order

Diannabol Protoss - Winner!

Build Orders:  

Get SALT Encoding   

  12  0:01  Probe (Chrono Boost)  
  13  0:11  Probe (Chrono Boost)  
  14  0:18  Pylon  
  14  0:22  Probe (Chrono Boost)  
  15  0:36  Probe (Chrono Boost)  
  15  0:38  Gateway  
  16  0:46  Assimilator  
  16  0:47  Probe (Chrono Boost)  
  17  0:54  Assimilator  
  17  0:58  Probe (Chrono Boost)  
  18  1:08  Probe (Chrono Boost)  
  19  1:14  Gateway  
  19  1:19  Probe (Chrono Boost)  
  19  1:22  Pylon  
  20  1:33  Cybernetics Core  
  20  1:36  Probe (Chrono Boost)  
  21  1:47  Probe (Chrono Boost)  
  22  1:58  Probe (Chrono Boost)  
  24  2:08  Probe (Chrono Boost)  
  24  2:10  Stalker x2  
  24  2:11  Warp Gate  
  28  2:19  Mothership Core (Chrono Boost)  
  30  2:37  Probe (Chrono Boost)  
  30  2:40  Robotics Facility  
  31  2:51  Pylon  
  31  3:10  Nexus, Probe (Chrono Boost)  
  32  3:17  Pylon  
  32  3:24  Stalker  
  34  3:39  Immortal  
  38  3:44  Probe (Chrono Boost)  
  39  3:53  Pylon  
  39  3:55  Probe (Chrono Boost)  
  40  4:05  Probe (Chrono Boost)  
  41  4:14  Gateway  
  41  4:16  Probe (Chrono Boost)  
  41  4:22  Probe (Chrono Boost)  
  42  4:26  Probe (Chrono Boost)  
  43  4:33  Probe (Chrono Boost)  
  43  4:37  Probe (Chrono Boost)  
  46  4:38  Observer  
  46  4:43  Probe (Chrono Boost)  
  47  4:46  Assimilator  
  47  4:47  Probe (Chrono Boost)  
  47  4:52  Twilight Council  
  48  4:54  Probe (Chrono Boost)  
  48  4:56  Gateway  
  48  4:58  Probe (Chrono Boost)  
  50  5:00  Stalker  
  50  5:04  Probe (Chrono Boost)  
  53  5:08  Probe (Chrono Boost)  
  54  5:15  Probe (Chrono Boost)  
  54  5:19  Stalker, Probe (Chrono Boost)  
  58  5:23  Immortal  
  58  5:25  Probe (Chrono Boost)  
  63  5:29  Robotics Bay  
  63  5:35  Probe (Chrono Boost)  
  64  5:37  Adept  
  66  5:44  Resonating Glaives  
  66  5:50  Gateway  
  66  5:51  Pylon  
  66  5:53  Pylon  
  66  5:57  Assimilator  
  66  6:03  Observer  
  67  6:06  Probe x2 (Chrono Boost)  
  67  6:10  Nexus  
  69  6:12  Pylon  
  69  6:17  Probe x2 (Chrono Boost)  
  71  6:24  Extended Thermal Lance  
  71  6:29  Colossus  
  76  6:36  Adept x2  
  80  6:41  Adept  
  82  6:51  Pylon  
  82  6:56  Adept  
  82  6:57  Adept x2  
  88  7:19  Probe (Chrono Boost)  
  88  7:20  Probe (Chrono Boost)  
  88  7:22  Stalker x3  
  94  7:23  Stalker  
  94  7:28  Pylon x2  
  98  7:30  Probe x2 (Chrono Boost)  
  98  7:36  Colossus  
  100  7:40  Blink  
  106  7:47  Adept x4  
  114  8:06  Probe (Chrono Boost)  
  114  8:07  Probe x2 (Chrono Boost)  
  114  8:12  Gateway x2  
  117  8:17  Probe x3 (Chrono Boost), Adept x2  
  124  8:28  Probe x3 (Chrono Boost)  
  124  8:30  Forge x2  
  124  8:31  Pylon  
  124  8:32  Pylon  
  127  8:40  Assimilator  
  127  8:44  Adept, Assimilator  
  127  8:45  Pylon  
  108  9:13  Protoss Ground Weapons Level 1  
  108  9:15  Adept  
  108  9:16  Adept x5  
  120  9:22  Probe x3 (Chrono Boost)  
  121  9:27  Protoss Ground Armor Level 1  
  121  9:42  Photon Cannon  
  119  9:47  Assimilator  
  119  9:49  Pylon  
  119  9:50  Pylon  
  119  9:55  Stalker x5  
  119  9:56  Stalker x2  
  114  10:15  Probe (Chrono Boost)  
  114  10:16  Probe (Chrono Boost)  
  114  10:17  Probe (Chrono Boost)  
  115  10:26  Probe x2 (Chrono Boost)  
  116  10:29  Probe (Chrono Boost)  
  116  10:36  Probe (Chrono Boost)  
  116  10:37  Photon Cannon, Probe (Chrono Boost)  
  116  10:40  Photon Cannon  
  116  10:41  Probe (Chrono Boost)  
  116  10:42  Adept x3  
  121  10:44  Stalker x2  
  121  10:47  Probe x2 (Chrono Boost)  
  131  10:53  Probe (Chrono Boost)  
  132  10:58  Probe x2 (Chrono Boost)  
  117  11:25  Adept x4  
  109  11:26  Adept x3  
  111  11:47  Gateway  
  111  11:49  Gateway x2, Probe x2 (Chrono Boost)  
  111  11:50  Probe (Chrono Boost)  
  99  12:02  Probe (Chrono Boost)  
  99  12:04  Nexus  
  99  12:07  Assimilator  
  95  12:10  Assimilator  
  95  12:11  Pylon  
  95  12:12  Pylon  
  73  12:35  Stalker x4  
  73  12:36  Stalker x3  
  87  12:43  Pylon  
  87  12:45  Stargate  
  87  12:47  Stargate  
  87  12:57  Colossus  
  83  13:09  Stalker x5  
  83  13:10  Stalker x4  
  83  13:11  Stalker  
  103  13:17  Photon Cannon x2  
  99  13:31  Gateway  
  99  13:33  Probe x2 (Chrono Boost)  
  102  13:35  Probe (Chrono Boost)  
  102  13:37  Stalker x4  
  116  13:56  Adept x4  
  116  13:57  Adept  
  116  13:59  Mothership Core (Chrono Boost)  
  128  14:07  Adept x3  
Show
View Real Time Build Order
Export as new Build Order

lVlonster Protoss 

Build Orders:  

Get SALT Encoding   

  12  0:01  Probe (Chrono Boost)  
  13  0:12  Probe (Chrono Boost)  
  14  0:18  Pylon  
  14  0:22  Probe (Chrono Boost)  
  15  0:40  Probe (Chrono Boost)  
  15  0:41  Gateway  
  16  0:44  Assimilator  
  16  0:50  Probe (Chrono Boost)  
  16  0:53  Assimilator  
  17  1:01  Probe (Chrono Boost)  
  18  1:07  Gateway  
  18  1:11  Probe (Chrono Boost)  
  19  1:22  Probe (Chrono Boost)  
  20  1:29  Cybernetics Core  
  20  1:32  Probe (Chrono Boost)  
  21  1:40  Pylon  
  21  1:43  Probe (Chrono Boost)  
  23  1:54  Probe (Chrono Boost)  
  23  2:04  Stalker x2  
  23  2:06  Probe (Chrono Boost)  
  28  2:09  Warp Gate  
  28  2:18  Mothership Core (Chrono Boost)  
  30  2:23  Pylon  
  31  2:38  Probe (Chrono Boost)  
  31  2:42  Stalker x2  
  35  3:05  Pylon  
  36  3:20  Probe (Chrono Boost)  
  36  3:23  Nexus  
  36  3:25  Sentry  
  36  3:28  Sentry  
  40  3:38  Robotics Facility  
  40  3:45  Probe (Chrono Boost)  
  41  3:51  Gateway  
  41  4:01  Probe (Chrono Boost)  
  42  4:04  Twilight Council  
  42  4:13  Probe (Chrono Boost)  
  42  4:16  Pylon  
  43  4:18  Pylon  
  44  4:25  Probe (Chrono Boost)  
  44  4:29  Observer  
  45  4:35  Stalker  
  45  4:36  Resonating Glaives, Stalker  
  45  4:37  Probe (Chrono Boost)  
  49  4:39  Probe (Chrono Boost)  
  50  4:49  Probe (Chrono Boost)  
  50  4:50  Probe (Chrono Boost)  
  50  4:52  Observer  
  53  5:00  Probe (Chrono Boost)  
  53  5:01  Probe (Chrono Boost), Assimilator  
  55  5:10  Probe (Chrono Boost)  
  55  5:11  Probe (Chrono Boost)  
  58  5:21  Probe (Chrono Boost)  
  58  5:22  Probe (Chrono Boost)  
  58  5:24  Pylon  
  59  5:32  Probe (Chrono Boost)  
  59  5:33  Probe (Chrono Boost)  
  59  5:34  Nexus  
  61  5:42  Probe (Chrono Boost)  
  62  5:43  Sentry  
  62  5:44  Adept x2  
  62  5:45  Probe (Chrono Boost)  
  69  5:51  Forge  
  69  5:55  Probe (Chrono Boost)  
  71  5:57  Probe (Chrono Boost)  
  71  6:05  Gateway  
  71  6:07  Gateway  
  71  6:10  Gateway  
  71  6:11  Protoss Ground Weapons Level 1  
  71  6:16  Pylon  
  71  6:17  Pylon  
  71  6:20  Warp Prism  
  73  6:28  Blink  
  73  6:39  Probe x2 (Chrono Boost)  
  75  6:51  Immortal, Adept x2  
  75  6:52  Adept  
  81  6:57  Probe (Chrono Boost)  
  81  6:58  Probe x2 (Chrono Boost)  
  88  7:07  Probe (Chrono Boost), Assimilator  
  91  7:10  Probe x2 (Chrono Boost)  
  91  7:17  Adept  
  91  7:18  Probe (Chrono Boost), Adept x3  
  91  7:20  Adept  
  102  7:26  Pylon  
  102  7:27  Pylon  
  101  7:39  Adept x4  
  109  7:44  Assimilator  
  109  7:49  Assimilator  
  109  7:51  Pylon  
  109  7:52  Protoss Ground Weapons Level 2  
  103  8:04  Immortal  
  103  8:05  Stalker x6  
  105  8:18  Probe x2 (Chrono Boost)  
  107  8:28  Adept x4  
  107  8:29  Adept x2  
  119  8:34  Gateway  
  119  8:36  Gateway  
  119  8:57  Adept  
  119  8:58  Adept x3  
  105  9:03  Immortal  
  88  9:16  Templar Archives  
  86  9:27  Nexus  
  86  9:29  Stalker x2  
  86  9:30  Stalker x4  
  98  9:40  Observer  
  97  9:53  Adept x3  
  97  9:54  Adept x2  
  101  10:16  High Templar x4  
  101  10:19  Assimilator  
  103  10:30  Archon  
  103  10:31  Archon  
  103  10:32  Stalker x2, Adept  
  103  10:33  Adept  
  103  10:43  Immortal  
  107  10:53  Pylon  
  107  10:55  Adept x6  
  107  10:56  Adept x2  
  94  11:23  Stalker x4  
  94  11:24  Stalker x4  
  64  11:48  Stalker x3  
  64  11:49  Stalker x4  
  61  12:11  Stalker x4  
  61  12:12  Stalker x3  
  53  12:30  Probe x2 (Chrono Boost)  
  53  12:42  Probe x2 (Chrono Boost)  
  53  12:43  Adept x2  
  53  12:44  Adept x5  
  49  13:03  Probe x2 (Chrono Boost)  
  49  13:15  Probe x2 (Chrono Boost)  
  49  13:25  Adept x2  
  53  13:31  Probe (Chrono Boost)  
  54  13:36  Probe (Chrono Boost)  
  55  13:56  Stalker x2  
  61  14:03  Probe x2 (Chrono Boost)  
Tags
 
Add a new tag
Caveats
  • Supply blocks, unpowered buildings, or Contaminate may cause inaccurate times.
  • Supply counts are checked every 10 seconds.